 Dungeon Crawl Stone Soup version 0.25.1-2-g60ff931df9 (webtiles) character file.

Game seed: 16736436402985889189

112 ew1980 the Insei (level 4, -1/29 HPs)
             Began as an Octopode Transmuter on Nov 26, 2020.
             Slain by an orc wizard
             ... wielding a +0 dagger
              (3 damage)
             ... on level 2 of the Dungeon.
             The game lasted 00:02:03 (2042 turns).

ew1980 the Insei (Octopode Transmuter)              Turns: 2042, Time: 00:02:04

Health: -1/29      AC:  1    Str:  9    XL:     4   Next: 93%
Magic:  2/8        EV: 13    Int: 16    God:
Gold:   113        SH:  0    Dex: 12    Spells: 2/8 levels left

rFire    . . .     SeeInvis .     - Unarmed
rCold    . . .     Gourm    .   (no shield)
rNeg     . . .     Faith    .   (helmet restricted)
rPois    .         Spirit   .   (no amulet)
rElec    .         Reflect  .   (no ring)
rCorr    .         Harm     .   (no ring)
MR       .....                  (no ring)
Stlth    ++........             (no ring)
HPRegen  0.09/turn              (no ring)
MPRegen  0.11/turn              (no ring)
                                (no ring)
                                (no ring)

@: lethally poisoned (-1 -> -4), very slightly contaminated
A: almost no armour, stealthy swim, amphibious, 8 rings, constrict 8, camouflage
1, gelatinous body 1
a: no special abilities


You were on level 2 of the Dungeon.
You were hungry.

You visited 1 branch of the dungeon, and saw 2 of its levels.

You collected 113 gold pieces.

Inventory:

Missiles
 a - 10 arrows
Scrolls
 b - 2 scrolls of identify {unknown}
 e - a scroll of magic mapping {unknown}
 f - a scroll of fear {unknown}
 g - 2 scrolls of enchant armour {unknown}
 j - 2 scrolls of teleportation {unknown}
Potions
 d - 2 potions of curing {unknown}
 i - a potion of resistance {unknown}
Comestibles
 c - 7 rations


   Skills:
 + Level 2.1 Fighting
 - Level 2.0 Dodging
 + Level 3.5 Unarmed Combat
 + Level 2.7 Spellcasting
 * Level 3.4 Transmutations


You had 2 spell levels left.
You knew the following spells:

 Your Spells              Type           Power        Failure   Level  Hunger
a - Beastly Appendage     Tmut           ##....       4%          1    #......
b - Sticks to Snakes      Tmut           ##......     7%          2    ##.....
c - Spider Form           Tmut/Pois      #.........   28%         3    ###....

Your spell library contained the following spells:

 Spells                   Type           Power        Failure   Level  Hunger
 Ice Form                 Ice/Tmut       #.......     67%         4    #####..
 Blade Hands              Tmut           ##........   78%         5    ######.


Dungeon Overview and Level Annotations

Branches:
Dungeon (2/15)

Altars:
Cheibriados
Fedhas
Okawaru
Ru
Trog
Vehumet
Xom
Zin
The Shining One


Innate Abilities, Weirdness & Mutations

You cannot wear most types of armour.
You are very stealthy in the water. (Stealth+)
You are amphibious.
You can wear up to eight rings at the same time.
You can use your tentacles to constrict eight enemies at once.
Your skin changes colour to match your surroundings (Stealth+).
Your rubbery body absorbs attacks. (AC +1, EV +1)


Message History

You feel sick. The adder bites you.
* * * LOW HITPOINT WARNING * * *
Your ball python bites the adder.
You bludgeon the adder!
You kill the adder!
You closely miss the orc wizard. You grab the orc wizard.
You squeeze the orc wizard.
The orc wizard is moderately wounded.
You constrict the orc wizard.
The orc wizard hits you with a +0 dagger.
* * * LOW HITPOINT WARNING * * *
Your ball python bites the orc wizard but does no damage.
You tentacle-slap the orc wizard but do no damage.
You tentacle-slap the orc wizard.
The orc wizard is severely wounded.
You constrict the orc wizard.
* * * LOW HITPOINT WARNING * * *
You feel sick.
The orc wizard hits you with a +0 dagger.
You die...

..P.##.###.# #.#
...8##.....###.########
P..P######............#
.8P8 #.##..###.##.# #..
#.##..###.##.#
#.##......##.#
##.........##.#
+........####.#
###...#@.###.#
##..So.....#
####'.##### #...#.#
#.†.#.# ......###
##._.### ..... #...#.


You could see an orc wizard (mute) and a friendly ball python.

Vanquished Creatures
  A hound (D:2)
  3 adders (D:2)
  A worm (D:2)
  3 dart slugs (D:1)
  4 bats
  3 giant cockroaches
  8 goblins
  2 hobgoblins (D:1)
  7 jackals (D:1)
  2 quokkas (D:2)
  A frilled lizard (D:1)
  A jackal zombie (D:2)
  7 kobolds
  2 rats
45 creatures vanquished.

Notes
Turn   | Place    | Note
-------+----------+-------------------------------------------
     0 | D:1      | ew1980 the Octopode Transmuter began the quest for the Orb.
     0 | D:1      | Reached XP level 1. HP: 13/13 MP: 3/3
   114 | D:1      | Reached XP level 2. HP: 10/18 MP: 5/5
   681 | D:1      | Reached XP level 3. HP: 23/23 MP: 6/6
   685 | D:1      | Learned a level 2 spell: Sticks to Snakes
   689 | D:1      | Learned a level 3 spell: Spider Form
  1139 | D:2      | Reached XP level 4. HP: 15/29 MP: 7/7
  1336 | D:2      | Found a radiant altar of Vehumet.
  1471 | D:2      | Found a bloodstained altar of Trog.
  1473 | D:2      | Found a shimmering altar of Xom.
  1478 | D:2      | Found a snail-covered altar of Cheibriados.
  1534 | D:2      | Found a blossoming altar of Fedhas.
  1738 | D:2      | Found a glowing silver altar of Zin.
  1738 | D:2      | Found a glowing golden altar of the Shining One.
  1738 | D:2      | Found an iron altar of Okawaru.
  2018 | D:2      | Found a sacrificial altar of Ru.
  2042 | D:2      | Slain by an orc wizard

Illustrated notes

Levels and vault maps discovered:
D:1:      lightli_iron_boxes, layout_basic, chequers_mini_garden,
          minmay_heptomino_d4
D:2:      layout_loops_corners, gammafunk_temple_overflow_forgotten, minitemple,
          vehumet_crystals, nicolae_ru_great_annihilating_truth, serial_undead,
          serial_undead_d, serial_undead_e, serial_undead_e, serial_undead_f,
          fedhas_altar_1

Skill      XL: |  1  2  3  4 |
---------------+-------------+-----
Transmutations | 3 |  3.4
Fighting       | 2 |  2.1
Dodging        | |  2.0
Unarmed Combat | |  3.5
Spellcasting   | |  2.7

Action                   |  1- 3 |  4- 6 || total
-------------------------+-------+-------++-------
Melee: Unarmed           |    64 |    48 ||   112
       Constrict         |    16 |    14 ||    30
       Tentacles         |    11 |    10 ||    21
       Punch             |     2 |     2 ||     4
 Cast: Sticks to Snakes  |       |     2 ||     2
 Stab: Sleeping          |     7 |     2 ||     9
       Paralysed         |       |     2 ||     2
  Eat: Chunk             |     1 |     2 ||     3
Armor: Skin              |     4 |     3 ||     7
Dodge: Dodged            |    29 |    27 ||    56
